 Dungeon Crawl Stone Soup version 0.23.2-40-g277498a001 (webtiles) character file.

Game seed: 10830780911958532984

70 Exodus22XD the Skirmisher (level 4, -25/40 HPs)
             Began as a Hill Orc Fighter on Sept 6, 2019.
             Was an Initiate of Beogh.
             Annihilated by an ogre
             ... wielding a +0 giant club
              (28 damage)
             ... on level 4 of the Dungeon.
             The game lasted 00:03:11 (1402 turns).

Exodus22XD the Skirmisher (Hill Orc Fighter)        Turns: 1402, Time: 00:03:12

Health: -25/40     AC:  9    Str: 19    XL:     4   Next: 22%
Magic:  4/4        EV:  7    Int:  8    God:    Beogh [......]
Gold:   55         SH:  9    Dex: 10    Spells: 3/3 levels left

rFire    . . .     SeeInvis .   a - +0 war axe
rCold    . . .     Gourm    .   c - +0 shield
rNeg     . . .     Faith    .   b - +0 scale mail
rPois    .         Spirit   .   (no helmet)
rElec    .         Reflect  .   (no cloak)
rCorr    .         Harm     +   p - +1 pair of gloves
MR       .....                  (no boots)
Stlth    ..........             k - amulet of harm
HPRegen  0.13/turn              (no ring)
MPRegen  0.09/turn              (no ring)

@: no status effects
A: no striking features
a: Renounce Religion


You were on level 4 of the Dungeon.
You worshipped Beogh.
Beogh was noncommittal.
You were not hungry.

You visited 1 branch of the dungeon, and saw 3 of its levels.

You collected 55 gold pieces.

Inventory:

Hand Weapons
 a - a +0 war axe (weapon)
Missiles
 q - 19 poisoned needles
Armour
 b - a +0 scale mail (worn)
 c - a +0 shield (worn)
 p - a +1 pair of gloves (worn)
Jewellery
 k - an amulet of harm (around neck)
Scrolls
 e - a scroll of fog {unknown}
 g - a scroll of enchant armour
 h - a scroll of teleportation {unknown}
 i - 2 scrolls of remove curse
 m - a scroll of identify {unknown}
Potions
 d - a potion of might
 j - a potion of heal wounds {unknown}
 l - a potion of brilliance {unknown}
 n - 2 potions of degeneration {unknown}
 o - a potion of cancellation {unknown}
Comestibles
 f - 4 rations


   Skills:
 + Level 4.1 Fighting
 + Level 3.5 Axes
 + Level 4.0 Armour
 + Level 0.1 Dodging
 + Level 3.9 Shields


You had 3 spell levels left.
You didn't know any spells.
Your spell library was empty.

Dungeon Overview and Level Annotations

Branches:
Dungeon (2/15)

Altars:


Message History

The hound bites you.
* * * LOW HITPOINT WARNING * * *
You swap places.
The orc hits the ogre with a +0 flail.
Found a hand axe.
You swap places.
The hound bites the orc.
The ogre hits the orc with a +0 giant spiked club!!
The orc dies!
The hound barely misses the orc.
The orc barely misses the hound.
The hound bites the orc.
The orc dies!
The orc priest hits the ogre but does no damage.
The ogre barely misses the orc priest.
You block the hound's attack. The hound bites you but does no damage.
As you read the scroll labeled ITWATE UBBYPH, it crumbles to dust.
You feel blessed for a moment.
It was a scroll of remove curse.
The hound barely misses you.
The ogre hits you with a +0 giant club!!
Ouch! That really hurt!
You die...

...#
##.......#####
...##
#.............
....#
#>..........).
#.............
#...O.!.......
##.o..........
##...........
#.hO........
##@.......##
#.........#
#...########
#.### ##


You could see 2 ogres, a hound and a neutral orc priest (wandering).

Vanquished Creatures
  An adder (D:2)
  2 dart slugs
  3 leopard geckos
  6 bats
  3 giant cockroaches
  5 goblins
  8 hobgoblins
  6 jackals (D:2)
  7 frilled lizards
  5 kobolds (D:1)
  5 rats
51 creatures vanquished.

Vanquished Creatures (others)
  2 orcs (D:4)
2 creatures vanquished.

Grand Total: 53 creatures vanquished

Notes
Turn   | Place    | Note
-------+----------+-------------------------------------------
     0 | D:1      | Exodus22XD the Hill Orc Fighter began the quest for the
                  | Orb.
     0 | D:1      | Reached XP level 1. HP: 19/19 MP: 1/1
   129 | D:1      | Reached XP level 2. HP: 27/27 MP: 2/2
   327 | D:1      | Reached XP level 3. HP: 27/33 MP: 3/3
  1280 | D:2      | Reached XP level 4. HP: 29/40 MP: 4/4
  1319 | D:2      | Found a faded altar of an unknown god.
  1364 | D:2      | You fall through a shaft for 2 floors!
  1364 | D:4      | Noticed an ogre
  1364 | D:4      | Noticed an ogre
  1391 | D:4      | Became a worshipper of Beogh the Brigand
  1392 | D:4      | HP: 2/40 [hound (2)]
  1402 | D:4      | Annihilated by an ogre

Skill      XL: |  1  2  3  4 |
---------------+-------------+-----
Axes           | 3 |  3.5
Fighting       | 4 |  4.1
Armour         | 4 |  4.0
Dodging        | |  0.1
Shields        | |  3.9

Action                   |  1- 3 |  4- 6 || total
-------------------------+-------+-------++-------
Melee: War axe           |   157 |    30 ||   187
Invok: Convert to Beogh  |       |     1 ||     1
  Use: Scroll            |       |     2 ||     2
  Eat: Chunk             |     1 |     1 ||     2
Armor: Scale mail        |    83 |    14 ||    97
Dodge: Dodged            |    53 |    13 ||    66
Block: Shield            |    91 |    30 ||   121
